 Dungeon Crawl Stone Soup version 0.32-a0-673-g3729bd50f8 (webtiles) character file.

Game seed: 11125694441490426520

165 Berder the Digger (level 5, -7/28 HPs)
             Began as a Kobold Earth Elementalist on Mar 10, 2024.
             Mangled by an ogre
             ... wielding a +0 giant club
              (35 damage)
             ... on level 4 of the Dungeon.
             The game lasted 00:05:51 (3441 turns).

Berder the Digger (Kobold Earth Elementalist)       Turns: 3441, Time: 00:05:51

Health: -7/28      AC:  4    Str:  5    XL:     5   Next: 75%
Magic:  5/8        EV: 15    Int: 18    God:
Gold:   75         SH:  0    Dex: 22    Spells: 4/8 levels left

rFire   . . .        q - +3 dagger
rCold   . . .        (no shield)
rNeg    . . .        a - +0 robe
rPois   .            e - +0 helmet
rElec   .            t - +0 cloak
rCorr   .            (no gloves)
SInv    .            (no boots)
Will    .....        (no amulet)
Stlth   ++++         m - +6 ring of dexterity
HPRegen 0.24/turn    (no ring)
MPRegen 0.11/turn

%: no passive effects
@: no status effects
A: small, no large weapons, nightstalker 3
a: no special abilities


You were on level 4 of the Dungeon.
You visited 1 branch of the dungeon, and saw 4 of its levels.

You collected 145 gold pieces.
You spent 70 gold pieces at shops.

Inventory:

Hand Weapons
 c - a +0 mace
 g - a +0 sling
 l - a +0 rapier
 q - a +3 dagger (weapon)
Missiles
 h - 19 stones
Armour
 a - a +0 robe (worn)
 e - a +0 helmet (worn)
 t - a +0 cloak (worn)
Jewellery
 m - a +6 ring of dexterity (left hand)
 r - an amulet of regeneration
Wands
 s - a wand of mindburst (6)
Scrolls
 d - 2 scrolls of silence {unknown}
 i - a scroll of immolation
 k - 2 scrolls of revelation
 n - a scroll of identify
 o - a scroll of teleportation
Potions
 b - a potion of magic
 f - 2 potions of resistance {unknown}
 j - a potion of lignification {unknown}
 p - 2 potions of attraction {unknown}


   Skills:
 - Level 2.4 Dodging
 - Level 2.6 Stealth
 - Level 2.1 Spellcasting
 - Level 1.0 Conjurations
 + Level 6.0 Earth Magic


You had 4 spell levels left.
You knew the following spells:

 Your Spells              Type           Power      Damage    Failure   Level
a - Sandblast             Erth           46%        2d11      1%          1
b - Stone Arrow           Conj/Erth      28%        3d8       13%         3

Your spell library contained the following spells:

 Spells                   Type           Power      Damage    Failure   Level
 Passwall                 Erth           23%        N/A       4%          3
 Brom's Barrelling Bould  Conj/Erth      14%        2d4       38%         4
 Petrify                  Alch/Erth      12%        N/A       45%         4
 Lee's Rapid Deconstruct  Erth           11%        3d8*      38%         5
 Irradiate                Conj/Alch      1%         3d12      99%         5


Dungeon Overview and Level Annotations

Branches:
Dungeon (4/15)
 Temple: D:4-7

Altars:
Trog

Shops:
D:2 ?


Innate Abilities, Weirdness & Mutations

You are small and have problems with some larger weapons.
You are completely attuned to the shadows.


Message History

Found a cloak.
You open the door.
Found a leather armour.
There is an open door here.
You now have 75 gold pieces (gained 9).
s - a wand of mindburst (6) Search for what [Enter for "helm", or ? for help]? cloak
Found a stone staircase leading down.
You see here a +0 cloak.
t - a +0 cloak You start putting on your armour.
You continue putting on your +0 cloak. x4
You finish putting on your +0 cloak.
An ogre comes into view. It is wielding a +0 giant club.
An ogre is nearby!
An ogre is nearby!
Casting: Sandblast (safe; 1% risk of failure)
Confirm with . or Enter, or press ? or * to list all spells.
Aiming: Sandblast (safe; 1% risk of failure)
Press: ? - help, Shift-Dir - straight line, f - ogre
Aim: an ogre, wielding a +0 giant club (92% to hit)
The blast of sand hits the ogre!
The ogre is moderately wounded.
Casting: Sandblast (safe; 1% risk of failure)
Confirm with . or Enter, or press ? or * to list all spells.
Aiming: Sandblast (safe; 1% risk of failure)
Press: ? - help, Shift-Dir - straight line, f/p - ogre
Aim: an ogre, wielding a +0 giant club (moderately wounded, 92% to hit)
The blast of sand hits the ogre.
The ogre is heavily wounded.
The ogre misses you.
Casting: Sandblast (safe; 1% risk of failure)
Confirm with . or Enter, or press ? or * to list all spells.
Aiming: Sandblast (safe; 1% risk of failure)
Press: ? - help, Shift-Dir - straight line, f/p - ogre
Aim: an ogre, wielding a +0 giant club (heavily wounded, 92% to hit)
The blast of sand hits the ogre!
The ogre is severely wounded.
The ogre hits you with a +0 giant club!!
Ouch! That really hurt!
You die...

#.#.......#.#.......
+#+....#.#.#.#.#....
#...#.#.#.#.#.....
.#.....#.#...#.#....
.....#.........#+....
....#+........#.#....
....#.........#.#+#.
#.#.#.#.....#.#.#.#
#@#.#.......#.#.#.
.....O#.#.#.#.#.#.#.#
.......#.#.#.>.#.#.#.
#.....#.....#.#.#.#.#
.#.#..... .#.#.#.....
...#...... ...#.....
.#.....# +#.....


You could see an ogre.

Vanquished Creatures
  An orc priest (D:3)
  4 gnolls (D:3)
  3 adders
  3 ribbon worms
  2 orcs (D:3)
  10 endoplasms
  3 giant cockroaches
  2 goblins (D:2)
  5 hobgoblins
  2 jackals (D:3)
  2 quokkas
  7 ball pythons
  5 bats
  2 frilled lizards
  5 kobolds
  11 rats
67 creatures vanquished.

Notes
Turn   | Place    | Note
-------+----------+-------------------------------------------
     0 | D:1      | Berder the Kobold Earth Elementalist began the quest for
                  | the Orb.
     0 | D:1      | Reached XP level 1. HP: 10/10 MP: 3/3
     1 | D:1      | Got the Codex of the Prime Material and Breccia
   297 | D:1      | Reached XP level 2. HP: 15/15 MP: 3/5
  1079 | D:1      | Reached skill level 4 in Earth Magic
  1079 | D:1      | Reached XP level 3. HP: 19/19 MP: 4/6
  1840 | D:2      | Found Pairempie's Magic Scroll Shoppe.
  1845 | D:2      | Bought 2 scrolls of identify for 40 gold pieces
  1854 | D:2      | Bought a scroll of teleportation for 30 gold pieces
  1951 | D:2      | Found a faded altar of an unknown god.
  2116 | D:2      | Reached XP level 4. HP: 24/24 MP: 4/7
  2405 | D:3      | Reached skill level 5 in Earth Magic
  2499 | D:3      | Reached XP level 5. HP: 28/28 MP: 5/8
  2527 | D:3      | Learned a level 3 spell: Stone Arrow
  2952 | D:3      | Noticed a moth of wrath
  2956 | D:3      | Found a bloodstained altar of Trog.
  3102 | D:3      | Reached skill level 6 in Earth Magic
  3438 | D:4      | Noticed an ogre
  3441 | D:4      | Mangled by an ogre

Illustrated notes

Levels and vault maps discovered:
D:1:      zaba_arrival_water, layout_basic, corexii_corridor_pit
D:2:      layout_loops_ring, serial_shops, nicolae_shop_gibbet_a_chance,
          nicolae_ecumenical_oubliette
D:3:      layout_rooms, tgw_trog, grunt_decor_resistance
D:4:      layout_basic

Skill      XL: |  1  2  3  4  5 |
---------------+----------------+-----
Earth Magic    | 4 5 6 |  6.0
Dodging        | |  2.4
Stealth        | |  2.6
Spellcasting   | |  2.1
Conjurations   | |  1.0

Action                     |  1- 3 |  4- 6 || total
---------------------------+-------+-------++-------
  Melee: Mace              |       |    16 ||    16
         Dagger            |       |     2 ||     2
         Rapier            |       |     2 ||     2
   Cast: Sandblast         |    44 |    50 ||    94
         Stone Arrow       |       |     1 ||     1
    Use: Scroll            |     1 |     3 ||     4
 Armour: Robe              |     2 |    20 ||    22
  Dodge: Dodged            |     7 |    30 ||    37

Table legend: (Time is in decaauts)
 A = Elapsed time spent in this place.
 B = Non-inter-level travel time spent in this place.
 C = Inter-level travel time spent in this place.
 D = Time resting spent in this place.
 E = Time spent auto-exploring this place.
 F = Levels seen in this place.
 G = Mean time per level.
                   A        B        C        D        E       F      G
               +--------+--------+--------+--------+--------+-----+--------+
         Total |   3520 |   3416 |    104 |    368 |   2434 |   4 |  880.0 |
       Dungeon |   3520 |   3416 |    104 |    368 |   2434 |   4 |  880.0 |
               +--------+--------+--------+--------+--------+-----+--------+

Top non-repeatable levels by time:
     D:1: 1447 daAuts
     D:2: 969 daAuts
     D:3: 955 daAuts
     D:4: 149 daAuts
